 Dungeon Crawl Stone Soup version 0.29-a0-1009-g60c99734e7 (webtiles) character file.

Game seed: 16564709045636583475

585046 freelancePsychic the Sorcerer (level 27, -25/209 HPs)
             Began as a Djinni Transmuter on Aug 8, 2022.
             Was the Champion of Makhleb.
             Killed from afar by an orb of fire (45 damage)
             ... with a bolt of fire
             ... on level 5 of the Realm of Zot.
             The game lasted 02:20:22 (58688 turns).

freelancePsychic the Sorcerer (Djinni Transmuter)  Turns: 58688, Time: 02:20:23

Health: -25/209    AC: 19    Str: 12    XL:     27
Gold:   4828       EV: 22    Int: 31    God:    Makhleb [******] SH: 12 Dex: 15

rFire   + . .      SeeInvis .   b - staff of cold
rCold   + + .      Faith    .   g - +0 kite shield
rNeg    + + +      Spirit   .   Q - +1 robe of Vines {NoPotionHeal Regen++++}
rPois   ∞          Reflect  .   V - +2 helmet {Int+3}
rElec   +          Harm     .   n - +2 cloak
rCorr   .          Rampage  .   o - +2 pair of gloves {Stlth+}
Will    +++..                   (boots unavailable)
Stlth   ++........              z - amulet of regeneration
HPRegen 4.44/turn               H - ring "Zuoxkob" {Wiz rElec rPois Slay+2}
MPRegen 0.00/turn               N - ring "Fismego" {Ice Str+3}

@: brilliant, lich-form, marked, flying, hasted, studying Ranged Weapons, very
quick
A: draining attack, torment immunity, no potions, flying, sickness immunity,
fire resistance 2, cold vulnerability 1, float, innate caster, HP casting, extra
vitality 1, (berserk 1)
}: 4/15 runes: decaying, slimy, silver, gossamer
a: End Transformation, Renounce Religion, Minor Destruction, Lesser Servant of
Makhleb, Major Destruction, Greater Servant of Makhleb


You were on level 5 of the Realm of Zot.
You worshipped Makhleb.
Makhleb was exalted by your worship.
You were an undead lich.
You visited 12 branches of the dungeon, and saw 54 of its levels.
You visited the Abyss 1 time.
You also visited: Trove, Ice Cave, Volcano and Desolation.

You collected 7234 gold pieces.
You spent 2406 gold pieces at shops.

Inventory:

Armour
 g - a +0 kite shield (worn)
 n - a +2 cloak (worn)
 o - a +2 pair of gloves of stealth (worn)
 Q - the +1 robe of Vines (worn) {NoPotionHeal Regen++++}
   (You found it on level 5 of the Pits of Slime)

   Its wearer cannot be healed by potions.
   Regen:     It increases your rate of health regeneration.
 V - a +2 helmet of intelligence (worn)
Magical Staves
 a - a staff of fire
 b - a staff of cold (weapon)
Jewellery
 f - a +6 ring of dexterity
 z - an amulet of regeneration (around neck)
 H - the ring "Zuoxkob" (left hand) {Wiz rElec rPois Slay+2}
   (You bought it in a shop on level 9 of the Dungeon)

   [ring of wizardry]

   It improves your spell success rate.
   Slay:      It affects your accuracy & damage with ranged weapons and melee
   (+2).
   rElec:     It insulates you from electricity.
   rPois:     It protects you from poison.
 J - an amulet of reflection
 K - the ring "Regaed" {rPois rF+ rCorr Stlth+}
   (You found it on level 5 of the Pits of Slime)

   [ring of poison resistance]

   rF:        It protects you from fire.
   rPois:     It protects you from poison.
   rCorr:     It protects you from acid and corrosion.
   Stlth:     It makes you more stealthy.
 N - the ring "Fismego" (right hand) {Ice Str+3}
   (You found it on level 3 of the Elven Halls)

   [ring of ice]

   It enhances your ice magic.
   Str:       It affects your strength (+3).
   rF:        It makes you vulnerable to fire.
   rC:        It protects you from cold.
 S - the ring of Vaschoq {+Blink rC+ rN+ Str-5 Dex+4}
   (You acquired it on level 14 of the Dungeon)

   [ring of protection from cold]

   Str:       It affects your strength (-5).
   Dex:       It affects your dexterity (+4).
   rC:        It protects you from cold.
   rN:        It protects you from negative energy.
   +Blink:    It lets you blink.
 W - the ring "Vaetaluo" {Will+ rCorr}
   (You took it off a servant of whispers in the Desolation of Salt)

   [ring of willpower]

   rCorr:     It protects you from acid and corrosion.
   Will:      It increases your willpower.
Wands
 c - a wand of flame (63)
 j - a wand of mindburst (24)
 w - a wand of iceblast (56)
 B - a wand of quicksilver (31)
 P - a wand of digging (14)
Scrolls
 e - 13 scrolls of vulnerability
 h - 8 scrolls of teleportation {@r4}
 p - 8 scrolls of immolation
 q - 2 scrolls of magic mapping
 r - 8 scrolls of poison
 v - 5 scrolls of brand weapon
 x - 26 scrolls of identify {@r1}
 C - a scroll of silence
 D - 8 scrolls of butterflies
 E - 7 scrolls of amnesia
 F - 7 scrolls of noise
 M - 12 scrolls of enchant weapon
 O - 8 scrolls of fear
 T - 6 scrolls of blinking
 U - a scroll of summoning
 Y - 3 scrolls of enchant armour
Potions
 d - 7 potions of attraction
 i - 5 potions of invisibility
 k - 24 potions of curing {@q1}
 l - 5 potions of mutation
 m - 9 potions of might
 t - 25 potions of ambrosia
 u - 8 potions of berserk rage
 A - 5 potions of lignification
 G - 7 potions of brilliance
 I - a potion of resistance
 L - 12 potions of haste {@q3}
 R - 5 potions of heal wounds {@q2}
 X - a potion of cancellation
 Z - a potion of flight
Miscellaneous
 s - a condenser vane
 y - a box of beasts


   Skills:
 - Level 21.0 Fighting
 - Level 1.3 Short Blades
 - Level 6.5 Armour
 - Level 20.0 Dodging
 - Level 12.8 Shields
 - Level 13.3 Unarmed Combat
 * Level 24.8 Spellcasting
 - Level 6.0 Invocations


You couldn't memorise any spells.
You knew the following spells:

 Your Spells              Type           Power      Damage    Failure   Level
a - Polar Vortex          Ice            95%        N/A       2%          9
b - Necromutation         Tmut/Necr      81%        N/A       1%          8
c - Simulacrum            Ice/Necr       95%        N/A       0%          6
d - Borgnjor's Vile Clut  Necr/Erth      81%        N/A       0%          5
e - Ozocubu's Refrigerat  Ice            95%        4d28      1%          7
f - Maxwell's Capacitive  Air            68%        ∞         1%          8
g - Spider Form           Tmut/Pois      100%       N/A       0%          3
h - Beastly Appendage     Tmut           100%       N/A       0%          1
i - Alistair's Intoxicat  Tmut/Pois      91%        N/A       0%          5
j - Foxfire               Conj/Fire      100%       2x1d9     0%          1
k - Scorch                Fire           100%       2d10      0%          2
l - Ice Form              Ice/Tmut       100%       N/A       0%          4
m - Mephitic Cloud        Conj/Pois/Air  100%       N/A       0%          3
n - Statue Form           Tmut/Erth      91%        N/A       0%          6
o - Call Canine Familiar  Summ           100%       N/A       0%          3
p - Wereblood             Tmut           100%       N/A       0%          2
q - Summon Hydra          Summ           68%        N/A       1%          7
Your spell library was empty.

Dungeon Overview and Level Annotations

Branches:
Dungeon (15/15)            Temple (1/1) D:7            Lair (5/5) D:8
  Swamp (4/4) Lair:3       Spider (4/4) Lair:3        Slime (5/5) Lair:4
    Orc (2/2) D:9             Elf (3/3) Orc:2        Vaults (5/5) D:14
  Crypt (0/3) Vaults:2     Depths (4/4) D:15           Hell (visited)
    Dis (0/7) Hell            Geh (0/7) Hell            Coc (0/7) Hell
    Tar (0/7) Hell            Zot (5/5) Depths:4      IceCv (visited)
Volcano (visited)         Desolation (visited)

Altars:
Ashenzari
Cheibriados
Dithmenos
Elyvilon
Fedhas
Gozag
Hepliaklqana
Makhleb
Nemelex Xobeh
Okawaru
Qazlal
Ru
Trog
Uskayaw
Wu Jian
Xom
Yredelemnul
Zin
The Shining One
Jiyva

Shops:
D:3 *   D:6 !   D:9 =   D:14 ((**   D:15 *   Orc:1 !   Orc:2 :*[![   Elf:1 :
Elf:3 *   Vaults:1 !   Depths:4 =::

Portals:
Hell: Depths:1 Depths:2 Depths:3 Depths:4
Abyss: Depths:3
Pandemonium: Orc:2 Depths:2 Depths:3
Ziggurat: Depths:2

Annotations:
D:3 Grinder
D:5 3 runed translucent doors, freelancePsychic's ghost, novice DrMo
D:6 3 runed translucent doors, Newt's ghost, novice KoHu
D:11 1 runed translucent door, SirDiesAlot's ghost, journeyman DsVM
Spider:2 2 transporters, wingedge's ghost, adept MiBe
Elf:2 3 runed translucent doors
Vaults:4 2 runed translucent doors, Cupobaaz's ghost, adept OpAE
Depths:2 3 runed translucent doors


Innate Abilities, Weirdness & Mutations

You are an undead lich.
Your unarmed attacks are suffused with negative energy.
You are immune to unholy pain and torment.
Your necromantic spells are more powerful.
You cannot drink.
You are flying.
You are immune to sickness and miasma.
You are immune to poison.
Your flesh is very heat resistant. (rF++)
You are vulnerable to cold. (rC-)
You float through the air rather than walking.
You learn spells naturally, not from books.
Your magical power is your life essence.
You have superior vitality. (+4 MHP)
((You sometimes lose your temper in combat.))


Message History

Confirm with . or Enter, or press ? or * to list all spells.
You feel a surge of power!
You begin accumulating electric charge. (Press . to continue charging.)
You feel charge building up...
The zombie hands constrict the moth of wrath!
You feel charge building up...
The zombie hands constrict the moth of wrath!
An orb of fire comes into view.
An Orb Guardian comes into view.
The moth of wrath struggles to escape constriction.
You feel charge building up...
The zombie hands constrict the moth of wrath!
An orb of fire comes into view.
You feel charge building up...
The zombie hands constrict the moth of wrath!
You kill the moth of wrath!
Makhleb accepts your kill.
The orb of fire glows yellow.
The bolt of fire misses you.
The orb of fire glows yellow.
The bolt of fire hits the orb of fire.
The orb of fire completely resists.
The bolt of fire hits the orb of fire.
The orb of fire completely resists.
The bolt of fire hits you!! You resist.
The orb of fire glows deep purple.
The fireball explodes!
The fireball engulfs the orb of fire.
The orb of fire completely resists.
The fireball engulfs you!!! You resist.
You feel charge building up...
An Orb Guardian comes into view.
The orb of fire glows red.
The bolt of fire hits the orb of fire.
The orb of fire completely resists.
The bolt of fire hits you!!! You resist.
You feel charge building up...
The orb of fire glows yellow.
The fireball explodes!
The fireball engulfs the orb of fire.
The orb of fire completely resists.
The fireball engulfs you!!! You resist.
* * * LOW HITPOINT WARNING * * *
The orb of fire glows red.
The bolt of fire hits the orb of fire.
The orb of fire completely resists.
The bolt of fire hits you!!! You resist.
You die...

^,,,** #.............#
**,,,,,, ,,,**
##......p......## **,,,,,
,,** #^.....XX.......#
**,,,, #**
########*########▓▓▓▓#####
# #............#.#.....
#######
#..**.....[..#....###
......#
####'###########..#
......# #*# #.....^..#
~~~~..# #L# #.######'###
~~~~..# #.#####.##.......#
###~..# #.......##.......#
# #~..# #.#####..'.......#
###~..# #.# ####.......#
~~~~..# #.# #.......#
......# ######'##
#.......# ###'###
#.......# #.......#
###.#######.≈≈≈§≈.#
#.......#


You could see 4 orbs of fire, a Killer Klown and 2 Orb Guardians.

Vanquished Creatures
  the Royal Jelly (Slime:5)
  Dissolution (Slime:4)
  An orb of fire (Zot:5)
  3 ancient liches (Zot:5)
  Frederick (Vaults:4)
  A Killer Klown (Zot:5)
  Xtahua (Vaults:5)
  A curse toe (Zot:5)
  A caustic shrike (Depths:4)
  Geryon (Hell)
  6 golden dragons
  3 bone dragons
  3 doom hounds (Zot:1)
  2 electric golems
  11 Orb Guardians (Zot:5)
  Rupert (D:14)
  6 tentacled monstrosities
  A lich (Depths:3)
  A deep elf blademaster (Elf:3)
  6 titans (Vaults:5)
  Grunn (Zot:1)
  16 acid blobs
  2 ancient champions (Hell)
  A deep elf master archer (Elf:1)
  A death cob (Zot:1)
  A walking frostbound tome (Depths:4)
  9 quicksilver dragons
  A tentacled starspawn (Abyss:2)
  2 sphinxes
  9 storm dragons
  2 draconian monks
  4 tengu reavers
  Kirke (Lair:4)
  5 azure jellies
  7 shadow dragons
  A fenstrider witch (Swamp:4)
  2 draconian scorchers (Zot:3)
  10 rockslimes
  3 emperor scorpions
  6 frost giants
  5 deep elf sorcerers
  4 fire giants
  5 imperial myrmidons (Desolation)
  2 draconian knights
  4 draconian shifters
  2 ghost moths
  14 vault wardens
  3 orc warlords
  3 ghouls (Swamp:2)
  A draconian stormcaller (Zot:5)
  5 deep elf elementalists (Elf:3)
  11 ironbound preservers
  8 reapers
  18 stone giants
  5 ironbound thunderhulks
  14 very ugly things
  10 quicksilver oozes
  2 spriggan defenders (Depths:3)
  2 draconian annihilators
  A war gargoyle (Vaults:5)
  A vampire knight (Hell)
  6 deep elf demonologists
  2 black draconians
  3 entropy weavers
  A halazid warlock (Desolation)
  4 green draconians
  7 deep elf annihilators (Elf:3)
  4 red draconians (Zot:3)
  6 yellow draconians
  A wendigo (Hell)
  3 purple draconians
  2 lorocyprocas (Hell)
  3 dire elephants (Vaults:2)
  2 eleionomae
  5 spark wasps
  3 bunyips
  7 white draconians
  9 ettins
  A merfolk impaler (Depths:1)
  A quicksilver dragon zombie (Hell)
  6 deep elf death magi (Elf:3)
  2 jiangshi (Depths:2)
  9 fire dragons
  A merfolk javelineer (Depths:3)
  2 green deaths
  3 ragged hierophants (Desolation)
  2 shambling mangroves
  5 deep elf high priests
  9 yaktaur captains
  A spriggan zombie (Hell)
  8 great orbs of eyes
  31 vault guards
  Harold (D:10)
  3 rakshasas
  6 servants of whispers (Desolation)
  15 hydras
  2 catoblepae
  8 boulder beetles
  4 ghost crabs
  3 peacekeepers (Desolation)
  A spriggan skeleton (Hell)
  6 ironbound frosthearts
  6 ice dragons
  2 spriggan air magi
  7 centaur warriors
  7 deep troll shamans
  2 radroaches (Spider:1)
  A salamander tyrant (Depths:4)
  2 demonspawn (Orc:2)
  2 death knights
  3 two-headed ogres
  8 deep troll earth magi
  13 dancing weapons
  9 alligators
  4 death yaks (Lair:4)
  3 hell hogs (Hell)
  A titan zombie (Depths:3)
  A vampire mage (Depths:2)
  3 spriggan berserkers
  7 orc high priests (Orc:2)
  Urug (D:14)
  Sonja (D:11)
  6 soul eaters (Hell)
  11 hell knights
  8 deep elf knights
  7 sun demons
  11 skeletal warriors
  7 iron trolls
  A salamander mystic (Depths:4)
  A fire crab (shapeshifter) (Elf:3)
  A spriggan rider (Swamp:4)
  3 pharaoh ants
  A bunyip zombie (Swamp:3)
  A shadow wraith (Vaults:5)
  A spark wasp zombie (Depths:1)
  2 glowing orange brains
  2 steelbarb worms
  48 deep trolls
  A quicksilver dragon simulacrum (Hell)
  3 orb spiders
  A flayed ghost (Vaults:5)
  9 deep elf archers
  2 shadow demons
  4 swamp dragons
  4 lindwurms
  7 phantasmal warriors
  2 spectral hydras (Swamp:4)
  11 orc knights
  6 bog bodies
  5 wizards
  19 ironbound convokers
  6 nameless horrors
  An anaconda skeleton (Volcano)
  A lindwurm (shapeshifter) (Vaults:5)
  4 harpies
  10 necromancers
  15 deep elf pyromancers
  A sphinx zombie (Depths:3)
  11 wolf spiders
  4 shining eyes
  17 deep elf zephyrmancers
  7 orc sorcerers
  6 cyclopes
  A worldbinder (Abyss:2)
  A salamander (Depths:4)
  A shadow dragon skeleton (Depths:1)
  2 will-o-the-wisps (Swamp:3)
  26 ugly things
  17 moths of wrath
  2 manticores
  5 guardian serpents
  2 elephants (Lair:2)
  An iron dragon skeleton (Depths:3)
  An apocalypse crab (Abyss:2)
  6 black mambas (Lair:5)
  An ice statue (IceCv)
  A titan simulacrum (Depths:3)
  2 rust devils
  An eye of devastation (Slime:3)
  13 vault sentinels
  3 orange demons
  4 centaur zombies (D:12)
  7 gargoyles
  14 smoke demons
  A water nymph (shapeshifter) (Vaults:5)
  Maggie (Lair:2)
  5 molten gargoyles
  6 spectral spriggans (Swamp:2)
  3 demonic crawlers (Spider:1)
  A centaur skeleton (Hell)
  14 cane toads
  2 torpor snails
  A hellion (Hell)
  3 efreet
  A tormentor (Zot:1)
  A kobold demonologist (D:11)
  A swamp worm zombie (Swamp:4)
  2 freezing wraiths (Swamp:2)
  2 ice devils
  3 rime drakes
  12 yaktaurs
  An ancient zyme (Abyss:2)
  8 komodo dragons
  A tengu conjurer (Depths:3)
  3 hydra zombies
  A troll (shapeshifter) (D:15)
  2 hellwings
  10 meliai
  A queen bee (D:13)
  10 polar bears
  6 trolls
  A bloated husk (Swamp:4)
  11 hornets
  2 harpy zombies (Hell)
  A red devil (Depths:3)
  Prince Ribbit (D:9)
  A sphinx simulacrum (Vaults:3)
  10 blink frogs
  5 alligator zombies
  5 tyrant leeches
  2 ettin zombies
  37 saltlings (Desolation)
  5 tarantellas
  A harpy skeleton (Volcano)
  122 slime creatures
  A spectral swamp dragon (Swamp:4)
  4 large abominations (Abyss:2)
  8 jumping spiders
  A centaur simulacrum (Hell)
  A snapping turtle (shapeshifter) (Depths:1)
  A ynoxinul (Orc:2)
  A dire elephant simulacrum (Hell)
  3 flying skulls (Volcano)
  9 water elementals
  5 spriggans
  A vampire (D:11)
  8 culicivoras
  5 shadows
  An alligator skeleton (Volcano)
  4 wraiths
  37 yaks
  10 wyverns
  2 golden eyes (Slime:5)
  2 hogs
  13 humans (D:14)
  A golden eye (shapeshifter) (Vaults:5)
  A fire elemental (Elf:3)
  A redback (shapeshifter) (Depths:1)
  18 redbacks
  4 basilisks
  2 chaos spawn (Abyss:2)
  4 steam dragons
  4 vampire mosquitoes
  2 wargs
  A harpy simulacrum (Hell)
  2 small abominations (Abyss:2)
  6 acid dragons
  7 swamp worms
  5 hell hounds (Hell)
  23 water moccasins
  A human skeleton (Depths:1)
  A hydra simulacrum (Swamp:3)
  39 orc warriors
  3 sky beasts
  An ice dragon simulacrum (Hell)
  A swamp drake (Lair:3)
  An ice beast (D:6)
  6 swamp dragon zombies
  An alligator simulacrum (Swamp:3)
  4 black bears (Lair:3)
  6 ogres
  An ettin simulacrum (Hell)
  2 great orb of eyes simulacra (IceCv)
  20 centaurs
  6 phantoms
  2 kobold brigands
  3 slime creature simulacra (IceCv)
  7 bullfrogs
  A scorpion (D:4)
  3 necrophages
  A gnoll sergeant (D:10)
  5 earth elementals
  4 glowing shapeshifter simulacra (IceCv)
  A naga simulacrum (Hell)
  8 wights
  A water moccasin zombie (D:6)
  A swamp dragon simulacrum (Hell)
  30 killer bees
  A troll skeleton (Volcano)
  An electric eel (Spider:1)
  7 howler monkeys
  3 quasits (Abyss:2)
  7 jellies
  2 gnoll boudas
  26 orc priests
  A hound (D:5)
  5 iguanas
  15 orc wizards
  4 hell rats (Hell)
  A shapeshifter simulacrum (IceCv)
  A killer bee zombie (D:6)
  A naga skeleton (Volcano)
  9 adders
  13 gnolls
  A swamp drake zombie (Swamp:4)
  14 white imps
  3 worms (D:4)
  80 orcs
  7 bats
  11 endoplasms
  A giant cockroach (D:4)
  7 goblins
  7 hobgoblins
  2 jackals (D:3)
  4 quokkas
  9 ball pythons
  2 frilled lizards
  16 kobolds
  5 rats
1846 creatures vanquished.

Vanquished Creatures (collateral kills)
  An ancient lich (Vaults:5)
  A tentacled monstrosity (Vaults:5)
  A lich (Depths:1)
  A walking frostbound tome (Depths:3)
  A shadow dragon (Depths:3)
  A fire giant (Vaults:5)
  2 emperor scorpions
  2 frost giants (Vaults:5)
  3 ghost moths
  A juggernaut zombie (Depths:1)
  3 vault wardens
  An orc warlord (Vaults:4)
  A very ugly thing (Depths:2)
  A stone giant (Depths:1)
  A quicksilver ooze (IceCv)
  5 dire elephants
  Nessos (D:14)
  2 bunyips
  A spark wasp (Spider:2)
  A deep elf annihilator (Elf:3)
  2 yaktaur captains (Vaults:4)
  An ettin (Vaults:1)
  A deep elf high priest (Vaults:5)
  2 nameless horrors
  A fire dragon (D:15)
  3 hydras
  A jorogumo (Spider:3)
  3 ice dragons (Depths:2)
  4 boulder beetles
  2 radroaches
  An ironbound frostheart (Vaults:3)
  2 alligators
  5 centaur warriors
  A ghost crab (Swamp:4)
  A death yak (Lair:4)
  2 death knights
  A tengu warrior (Depths:2)
  A spriggan berserker (Depths:2)
  Amaemon (Lair:2)
  2 skeletal warriors
  2 goliath frogs
  3 steelbarb worms
  2 spectral hydras (Swamp:4)
  2 deep trolls
  4 pharaoh ants
  7 orb spiders
  A swamp dragon (Swamp:3)
  4 bog bodies
  2 ironbound convokers
  5 orc knights
  2 lindwurms (Vaults:1)
  A manticore (D:15)
  19 wolf spiders
  2 cyclopes
  7 ugly things
  A will-o-the-wisp (Swamp:3)
  A black mamba (Lair:5)
  A moth of wrath (Spider:2)
  A vault sentinel (Vaults:1)
  A cane toad (Lair:2)
  An orange demon (Lair:2)
  An unseen horror (D:11)
  2 kobold demonologists (D:11)
  3 torpor snails (Spider:3)
  2 demonic crawlers
  A rime drake (Lair:1)
  2 freezing wraiths
  A yaktaur (Vaults:1)
  A swamp worm zombie (Swamp:4)
  A hydra zombie (Swamp:3)
  A komodo dragon (D:13)
  A polar bear (Lair:3)
  7 tyrant leeches
  7 hornets
  5 tarantellas
  A blink frog (Lair:5)
  9 slime creatures
  An alligator zombie (Swamp:3)
  16 jumping spiders
  A vampire (D:14)
  5 yaks
  4 spriggans
  A wraith (Vaults:2)
  A culicivora (shapeshifter) (D:15)
  A hog (Lair:5)
  12 culicivoras
  3 humans (D:14)
  4 vampire mosquitoes
  15 redbacks
  6 swamp worms
  3 water moccasins
  A swamp drake (Swamp:2)
  A black bear (Lair:3)
  A swamp dragon zombie (Swamp:3)
  6 centaurs
  2 orc wizards
  A spectral swamp drake (Swamp:4)
  A swamp drake zombie (Swamp:4)
  An adder (D:4)
  4 orcs
  A kobold (D:4)
  A foxfire (D:4)
275 creatures vanquished.

Vanquished Creatures (others)
  A spriggan simulacrum (Hell)
  A deep elf pyromancer (Elf:3)
  A will-o-the-wisp (Swamp:1)
  An elephant (Lair:2)
  8 bloated husks
  A jumping spider (Spider:3)
  A swamp worm (Swamp:1)
  A centaur (D:13)
  A gnoll (D:6)
  82 foxfires
  10 fungi
  55 plants
  4 starspawn tentacles (Abyss:2)
  2 withered plants (D:12)
169 creatures vanquished.

Grand Total: 2290 creatures vanquished

Notes
Turn   | Place    | Note
-------+----------+-------------------------------------------
     0 | D:1      | freelancePsychic the Djinni Transmuter began the quest for
                  | the Orb.
     0 | D:1      | freelancePsychic set off with the following spells
                  | memorised: Beastly Appendage, Wereblood, Spider Form, Ice
                  | Form.
     0 | D:1      | Reached XP level 1. HP: 17/17 MP: 0/0
   196 | D:1      | Reached XP level 2. HP: 20/22 MP: 0/0
   657 | D:1      | Reached skill level 1 in Short Blades
   745 | D:1      | Reached XP level 3. HP: 26/27 MP: 0/0
   745 | D:1      | Learned a level 1 spell: Foxfire
  1236 | D:2      | Reached skill level 2 in Spellcasting
  1451 | D:2      | Reached XP level 4. HP: 12/33 MP: 0/0
  1465 | D:2      | Reached XP level 5. HP: 16/39 MP: 0/0
  1465 | D:2      | Learned a level 2 spell: Scorch
  1728 | D:2      | Reached skill level 3 in Spellcasting
  2182 | D:2      | Found a basalt altar of Yredelemnul.
  2880 | D:3      | Noticed Grinder
  3227 | D:3      | Found Plog's Assorted Antiques.
  3232 | D:3      | Bought a scroll labelled XENGUS INORAE for 18 gold pieces
  3232 | D:3      | Bought a scroll labelled XENGUS INORAE for 18 gold pieces
  3232 | D:3      | Bought a scroll labelled DUHITOM FAUTOC for 18 gold pieces
  3373 | D:3      | Reached XP level 6. HP: 37/46 MP: 0/0
  4484 | D:4      | Noticed an ogre
  4489 | D:4      | Killed an ogre
  4490 | D:4      | Reached skill level 4 in Spellcasting
  4673 | D:4      | Reached XP level 7. HP: 46/51 MP: 0/0
  4673 | D:4      | Learned a level 3 spell: Call Canine Familiar
  5510 | D:4      | Reached skill level 5 in Spellcasting
  5642 | D:4      | Found an ornate altar of the Wu Jian Council.
  5665 | D:4      | Found an opulent altar of Gozag.
  5783 | D:5      | Entered Level 5 of the Dungeon
  5884 | D:5      | Reached XP level 8. HP: 49/58 MP: 0/0
  6432 | D:5      | Reached skill level 5 in Fighting
  6699 | D:5      | Found a runed translucent gate.
  6699 | D:5      | Found a runed translucent gate.
  6699 | D:5      | Found a runed translucent gate.
  6704 | D:5      | Noticed freelancePsychic's ghost (novice DrMo)
  7232 | D:5      | Reached skill level 6 in Spellcasting
  7493 | D:6      | Found a bloodstained altar of Trog.
  7832 | D:6      | Reached XP level 9. HP: 39/66 MP: 0/0
  7832 | D:6      | Learned a level 3 spell: Mephitic Cloud
  8093 | D:6      | Reached skill level 7 in Spellcasting
  8206 | D:6      | Found Susmib's Distillery.
  8214 | D:6      | Bought a potion of heal wounds for 65 gold pieces
  8214 | D:6      | Bought a potion of might for 52 gold pieces
  8294 | D:6      | Found a runed translucent gate.
  8294 | D:6      | Found a runed translucent gate.
  8294 | D:6      | Found a runed translucent gate.
  8294 | D:6      | Noticed Newt's ghost (novice KoHu)
  8296 | D:6      | Found a basalt altar of Yredelemnul.
  8886 | D:7      | Found a faded altar of an unknown god.
  8886 | D:7      | Found a faded altar of an unknown god.
  8888 | D:7      | Found a hazy altar of Hepliaklqana.
  9361 | D:7      | Found a staircase to the Ecumenical Temple.
  9556 | Temple   | Entered the Ecumenical Temple
  9585 | Temple   | Became a worshipper of Makhleb the Destroyer
  9876 | D:8      | Reached skill level 1 in Invocations
 10178 | D:8      | Found a sparkling altar of Nemelex Xobeh.
 10218 | D:8      | Reached skill level 8 in Spellcasting
 10283 | D:8      | Found a staircase to the Lair.
 10378 | D:8      | Reached XP level 10. HP: 69/75 MP: 0/0
 10632 | D:9      | Noticed Prince Ribbit
 11239 | D:9      | Killed Prince Ribbit
 11336 | D:9      | Reached skill level 9 in Spellcasting
 11672 | D:9      | Reached * piety under Makhleb
 12145 | D:9      | Found a snail-covered altar of Cheibriados.
 12178 | D:9      | Reached XP level 11. HP: 65/82 MP: 0/0
 12178 | D:9      | Learned a level 5 spell: Borgnjor's Vile Clutch
 12187 | D:9      | Reached skill level 5 in Invocations
 12657 | D:9      | Found a staircase to the Orcish Mines.
 12924 | D:9      | Found Ycanegin's Jewellery Emporium.
 12986 | D:10     | Entered Level 10 of the Dungeon
 12986 | D:10     | Found a portal to a secret trove of treasure.
 12989 | D:10     | Noticed Harold
 13086 | D:10     | Killed Harold
 13087 | D:10     | Reached skill level 10 in Spellcasting
 13429 | D:10     | Found a white marble altar of Elyvilon.
 13535 | D:10     | Noticed a two-headed ogre
 13541 | D:10     | Killed a two-headed ogre
 14182 | D:11     | Noticed Sonja
 14337 | D:11     | Killed Sonja
 14386 | D:11     | Found a runed translucent door.
 14392 | D:11     | Noticed SirDiesAlot's ghost (journeyman DsVM)
 14433 | D:11     | Noticed a boulder beetle
 14655 | Lair:1   | Entered Level 1 of the Lair of Beasts
 14691 | Lair:1   | Noticed a seven-headed hydra
 14702 | Lair:1   | Killed a seven-headed hydra
 14704 | Lair:1   | Reached skill level 10 in Fighting
 14707 | Lair:1   | Reached XP level 12. HP: 68/91 MP: 0/0
 14852 | Lair:1   | Reached ** piety under Makhleb
 14853 | Lair:1   | Reached skill level 11 in Spellcasting
 14982 | Lair:1   | Noticed a boulder beetle
 14998 | Lair:1   | Killed a boulder beetle
 15068 | Lair:1   | Identified the +2 ring mail of the Turtledove {Regen+ Str+3
                  | Dex+3}
 15171 | Lair:1   | Found a dark tunnel.
 15179 | Volcano  | Entered a volcano
 15386 | Volcano  | Reached skill level 1 in Armour
 15490 | Volcano  | Noticed a skeletal warrior
 15499 | Volcano  | Killed a skeletal warrior
 15523 | Volcano  | Identified the +0 robe of Cheibriados's Esteem {Fly rC+}
 15549 | Volcano  | Noticed a skeletal warrior
 15562 | Volcano  | Killed a skeletal warrior
 15862 | Lair:1   | Noticed a seven-headed hydra
 15874 | Lair:1   | Killed a seven-headed hydra
 15875 | Lair:1   | Reached skill level 12 in Spellcasting
 15949 | Lair:1   | Noticed a boulder beetle
 16092 | Lair:1   | Reached XP level 13. HP: 59/99 MP: 0/0
 16092 | Lair:1   | Learned a level 5 spell: Alistair's Intoxication
 16168 | Lair:1   | Killed a boulder beetle
 16189 | Lair:1   | Found the +3 pair of seven-league boots {Rampage+∞}
 16329 | Lair:2   | Noticed a catoblepas
 16442 | Lair:2   | Killed a catoblepas
 16628 | Lair:2   | Reached skill level 5 in Armour
 16650 | Lair:2   | You are sucked into a shaft and drop 1 floor!
 16654 | Lair:3   | Reached *** piety under Makhleb
 17318 | Lair:2   | HP: 5/100 [cane toad (18)]
 17601 | Lair:2   | Noticed Amaemon
 17614 | Lair:2   | Killed Amaemon
 17615 | Lair:2   | Reached skill level 13 in Spellcasting
 17698 | Lair:2   | Noticed Maggie
 17704 | Lair:2   | Killed Maggie
 18096 | Lair:3   | Found a staircase to the Swamp.
 18384 | Lair:3   | Found a hole to the Spider Nest.
 18661 | Lair:4   | Reached skill level 1 in Shields
 18764 | Lair:4   | Reached XP level 14. HP: 78/107 MP: 0/0
 18925 | Lair:4   | Found a staircase to the Slime Pits.
 18926 | Lair:4   | Found a viscous altar of Jiyva.
 19432 | Lair:5   | Entered Level 5 of the Lair of Beasts
 19465 | Lair:5   | Reached **** piety under Makhleb
 19498 | Lair:5   | Found a frozen archway.
 19566 | IceCv    | Entered an ice cave
 19694 | IceCv    | Noticed a quicksilver ooze
 19704 | IceCv    | Killed a quicksilver ooze
 19758 | IceCv    | HP: 2/108 [slime creature (6)]
 19876 | Lair:5   | Noticed Kirke
 20019 | Lair:4   | Killed Kirke
 20079 | Lair:5   | Reached ***** piety under Makhleb
 20190 | Lair:5   | Reached skill level 14 in Spellcasting
 20617 | Lair:5   | Reached skill level 5 in Shields
 21009 | Lair:5   | Upgraded the game from 0.29-a0-1008-g949cc1d0fb to
                  | 0.29-a0-1009-g60c99734e7
 21222 | Orc:1    | Entered Level 1 of the Orcish Mines
 21522 | Orc:1    | Found Lajax's Distillery.
 21534 | Orc:1    | Bought a potion of ambrosia for 104 gold pieces
 21559 | Orc:2    | Entered Level 2 of the Orcish Mines
 21586 | Orc:2    | Found a staircase to the Elven Halls.
 21805 | Orc:1    | Noticed an orc warlord
 21812 | Orc:1    | Reached XP level 15. HP: 106/115 MP: 0/0
 21812 | Orc:1    | Learned a level 6 spell: Statue Form
 22003 | Orc:2    | Found Miciruseji's General Store.
 22006 | Orc:2    | Found Zualo's Distillery.
 22125 | Orc:2    | Bought a potion of haste for 180 gold pieces
 22198 | Orc:2    | Reached ****** piety under Makhleb
 22317 | Orc:2    | Found Zemiyhus's Armour Emporium.
 22982 | Orc:2    | Found Iseik's Antique Armour Boutique.
 22982 | Orc:2    | Found Veesm's Book Shop.
 22983 | Orc:2    | Found a one-way gate leading to the halls of Pandemonium.
 22989 | Orc:2    | Bought an embroidered cloak for 277 gold pieces
 23222 | Orc:2    | Reached skill level 5 in Unarmed Combat
 23333 | Elf:1    | Entered Level 1 of the Elven Halls
 24135 | Elf:1    | Noticed a deep elf master archer
 24163 | Elf:1    | Killed a deep elf master archer
 24163 | Elf:1    | Noticed a deep elf sorcerer
 24168 | Abyss:2  | Cast into level 2 of the Abyss (a deep elf sorcerer)
 24401 | Abyss:2  | Reached XP level 16. HP: 122/123 MP: 0/0
 24497 | Abyss:2  | Noticed a tentacled starspawn
 24520 | Abyss:2  | Killed a tentacled starspawn
 24656 | Abyss:2  | Reached skill level 10 in Shields
 24680 | Elf:1    | Escaped the Abyss
 24683 | Elf:1    | Killed a deep elf sorcerer
 24783 | Elf:1    | Found Munwyt's Book Boutique.
 25066 | Elf:2    | Found a crumbling gateway.
 25070 | Desolati | Entered the Desolation of Salt
 25262 | Desolati | Identified the +3 scale mail of Ymeilode {rPois Will+}
 25389 | Desolati | Identified the +10 mace "Putilig" {flame, rF+ Will- Stlth+}
 25405 | Desolati | Reached skill level 5 in Dodging
 25472 | Desolati | Identified the ring "Vaetaluo" {Will+ rCorr}
 25473 | Desolati | Identified the ring of Wietith {Fire Fly rPois}
 25483 | Desolati | Reached skill level 15 in Fighting
 25970 | Desolati | Identified the ring "Ohag" {Fly Str+5}
 26186 | Elf:2    | Reached XP level 17. HP: 131/131 MP: 0/0
 26186 | Elf:2    | Learned a level 6 spell: Simulacrum
 26657 | Elf:2    | Found a runed translucent gate.
 26658 | Elf:2    | Found a runed translucent gate.
 26658 | Elf:2    | Found a runed translucent gate.
 27209 | Swamp:1  | Entered Level 1 of the Swamp
 28376 | Swamp:2  | Reached skill level 10 in Unarmed Combat
 29729 | Swamp:3  | Reached XP level 18. HP: 141/141 MP: 0/0
 29795 | Swamp:3  | Reached skill level 10 in Dodging
 30615 | D:10     | You paid a toll of 6 scrolls of butterflies to enter a
                  | treasure trove
 30616 | Trove    | Entered a treasure trove
 30626 | Trove    | Identified the +4 sling of Frustration {vorpal, rF+ rC++}
 30628 | Trove    | Identified the +1 longbow "Juariuv" {venom, SInv}
 30870 | Swamp:4  | Entered Level 4 of the Swamp
 31209 | Swamp:4  | Noticed a tentacled monstrosity
 31221 | Swamp:4  | Killed a tentacled monstrosity
 31507 | Swamp:4  | Noticed a bone dragon
 31521 | Swamp:4  | Killed a bone dragon
 31965 | Swamp:4  | Got a decaying rune of Zot
 32156 | Spider:1 | Entered Level 1 of the Spider Nest
 32318 | Spider:1 | You are sucked into a shaft and drop 1 floor!
 32469 | Spider:2 | Found a transporter.
 32525 | Spider:2 | Found a transporter.
 32529 | Spider:2 | Noticed wingedge's ghost (adept MiBe)
 33603 | Spider:1 | Reached XP level 19. HP: 136/148 MP: 0/0
 33603 | Spider:1 | Learned a level 7 spell: Summon Hydra
 33784 | Spider:1 | Reached skill level 15 in Spellcasting
 35246 | Spider:4 | Entered Level 4 of the Spider Nest
 35571 | Spider:4 | Identified the +8 dagger of the Magic Mushroom {venom,
                  | rPois Dex+4}
 36482 | Spider:4 | Got a gossamer rune of Zot
 37813 | D:11     | Identified the +1 leather armour of the Lost Path {rElec
                  | Stlth+}
 38216 | D:12     | Reached skill level 16 in Spellcasting
 38438 | D:12     | You are sucked into a shaft and drop 1 floor!
 38842 | D:13     | Reached XP level 20. HP: 157/157 MP: 0/0
 39528 | D:14     | Found Ekos's Assorted Antiques.
 39531 | D:14     | Bought a scroll of immolation for 124 gold pieces
 39531 | D:14     | Bought a potion of haste for 310 gold pieces
 39641 | D:14     | Found Voilosife's Assorted Antiques.
 39665 | D:14     | Bought a faintly glowing robe for 153 gold pieces
 39665 | D:14     | Identified the +1 robe "Ovvaeh" {*Corrode rPois Str+3
                  | Stlth+} (You bought it in a shop on level 14 of the
                  | Dungeon)
 39666 | D:14     | Bought a scroll of magic mapping for 202 gold pieces
 39716 | D:14     | Found Meusk's Antique Weapon Shop.
 39719 | D:14     | Identified the +4 falchion "Ewnuer" {spect, Drain rElec rC+
                  | rN++}
 39828 | D:14     | Noticed Rupert
 39829 | D:14     | Noticed Nessos
 39845 | D:14     | Killed Rupert
 39885 | D:14     | Found a gate to the Vaults.
 39885 | D:14     | Noticed Urug
 39891 | D:14     | Killed Nessos
 39892 | D:14     | Killed Urug
 40132 | D:14     | Identified a scroll of acquirement
 40133 | D:14     | Acquired the ring of Vaschoq {+Blink rC+ rN+ Str-5 Dex+4}
 40302 | D:14     | Found Rotoseig's Weapon Shop.
 40447 | D:15     | Entered Level 15 of the Dungeon
 40552 | D:15     | Found Byfoisoph's General Store.
 40616 | D:15     | Bought a scroll of magic mapping for 150 gold pieces
 40648 | D:15     | Found a sacrificial altar of Ru.
 41205 | D:15     | Found a staircase to the Depths.
 41497 | Vaults:1 | Entered Level 1 of the Vaults
 41760 | Vaults:1 | Found Foipt's Distillery.
 43160 | Vaults:2 | Reached XP level 21. HP: 165/165 MP: 0/0
 43160 | Vaults:2 | Learned a level 7 spell: Ozocubu's Refrigeration
 43255 | Vaults:2 | Reached skill level 17 in Spellcasting
 43582 | Vaults:2 | Found a staircase to the Crypt.
 43749 | Vaults:2 | You are sucked into a shaft and drop 2 floors!
 44017 | Vaults:4 | Noticed Frederick
 45793 | Vaults:2 | Reached XP level 22. HP: 173/173 MP: 0/0
 45804 | Vaults:2 | Reached skill level 18 in Spellcasting
 46587 | Vaults:4 | Reached XP level 23. HP: 180/180 MP: 0/0
 46587 | Vaults:4 | Learned a level 8 spell: Necromutation
 46618 | Vaults:4 | Found a large runed translucent door.
 46618 | Vaults:4 | Found a large runed translucent door.
 46619 | Vaults:4 | Noticed Cupobaaz's ghost (adept OpAE)
 47512 | D:9      | Bought the ring "Zuoxkob" {Wiz rElec rPois Slay+2} for 735
                  | gold pieces
 47641 | Depths:1 | Entered Level 1 of the Depths
 47641 | Depths:1 | Found a gateway to Hell.
 47983 | Depths:1 | Found a hide-covered altar of Uskayaw.
 48593 | Elf:3    | Entered Level 3 of the Elven Halls
 48626 | Elf:3    | Found Lemuet's General Store.
 48940 | Elf:3    | Reached skill level 19 in Spellcasting
 49140 | Elf:3    | Identified the +7 spear "Qaiqaol" {freeze, Dex+3}
 49143 | Elf:3    | Reached XP level 24. HP: 177/188 MP: 0/0
 49187 | Elf:3    | Reached skill level 15 in Dodging
 49236 | Elf:3    | Identified the ring "Fismego" {Ice Str+3}
 49254 | Elf:3    | Identified the +8 hand axe of the Thirsty Mice {protect,
                  | Str+4}
 49259 | Elf:3    | Identified the +1 scale mail "Viock" {Regen+}
 49349 | Elf:3    | Identified the +8 chain mail of the Unbroken {Dex+6}
 49408 | Elf:3    | Identified the +1 flail "Inabb" {elec, Fly rF+ Int+2 Dex+2}
 50332 | Depths:2 | Found a runed translucent gate.
 50332 | Depths:2 | Found a runed translucent gate.
 50332 | Depths:2 | Found a runed translucent gate.
 51069 | Depths:2 | Found a one-way gateway to a ziggurat.
 51090 | Depths:2 | Paralysed by something for 3 turns
 51209 | Depths:3 | Found a one-way gate to the infinite horrors of the Abyss.
 51343 | Depths:3 | Found a white marble altar of Elyvilon.
 51344 | Depths:3 | Found a glowing golden altar of the Shining One.
 51347 | Depths:3 | Found a glowing silver altar of Zin.
 51555 | Depths:3 | Found a white marble altar of Elyvilon.
 52042 | Depths:3 | Reached skill level 20 in Spellcasting
 52776 | Depths:4 | Entered Level 4 of the Depths
 52798 | Depths:3 | Reached XP level 25. HP: 156/181 MP: 0/0
 52798 | Depths:3 | Learned a level 8 spell: Maxwell's Capacitive Coupling
 52950 | Depths:4 | Found a glowing golden altar of the Shining One.
 53569 | Depths:4 | Found a gate to the Realm of Zot.
 53624 | Depths:4 | Found Ofiuzai's Jewellery Shoppe.
 53624 | Depths:4 | Found Jaduz's Book Shop.
 53625 | Depths:4 | Found Ovocvuob's Book Shop.
 53902 | Depths:4 | Noticed a caustic shrike
 53906 | Depths:4 | Killed a caustic shrike
 54374 | Slime:1  | Entered Level 1 of the Pits of Slime
 54483 | Slime:5  | Entered Level 5 of the Pits of Slime
 54491 | Slime:5  | Reached skill level 21 in Spellcasting
 54602 | Slime:5  | Noticed the Royal Jelly
 54612 | Slime:5  | Killed the Royal Jelly
 54761 | Slime:5  | Found the +1 robe of Vines {NoPotionHeal Regen++++}
 54768 | Slime:5  | Found the +8 demon blade "Leech" {vamp, Harm Drain rN+}
 54773 | Slime:5  | Identified the ring of Tender Moments {Int+4 SInv}
 54787 | Slime:5  | Identified the +5 plate armour of the Pink Corner {Slay+2}
 54795 | Slime:5  | Identified the +4 dagger of the Five Blessings {flame,
                  | *Slow rF- rN++ Str+4}
 54827 | Slime:5  | Identified the ring "Regaed" {rPois rF+ rCorr Stlth+}
 54848 | Slime:5  | Got a slimy rune of Zot
 55036 | Slime:4  | Noticed Dissolution
 55052 | Slime:4  | Killed Dissolution
 55053 | Slime:4  | Reached XP level 26. HP: 195/203 MP: 0/0
 55494 | Vaults:5 | Entered Level 5 of the Vaults
 55668 | Vaults:5 | Noticed an ancient lich
 55670 | Vaults:5 | Reached skill level 22 in Spellcasting
 55691 | Vaults:5 | Killed an ancient lich
 55719 | Vaults:5 | Identified the +7 hand axe of Reinforcement {drain, rF+
                  | Dex+2}
 55745 | Vaults:5 | Noticed Xtahua
 55749 | Vaults:5 | Killed Xtahua
 56232 | Vaults:5 | Got a silver rune of Zot
 56315 | Vaults:5 | Identified the +6 trident "Noin" {venom, rPois Will+ Str-3
                  | Dex+4}
 56351 | Vaults:5 | Identified the ring "Gyociar" {rElec AC+4 Dex+3}
 56363 | Vaults:5 | Acquired 1109 gold pieces
 56635 | Vaults:4 | Killed Frederick
 56804 | Hell     | Entered the Vestibule of Hell
 56804 | Hell     | Noticed Geryon
 56817 | Hell     | Killed Geryon
 56911 | Hell     | Found a gateway to the Iron City of Dis.
 56968 | Hell     | Reached XP level 27. HP: 209/209 MP: 0/0
 56968 | Hell     | Learned a level 9 spell: Polar Vortex
 56977 | Hell     | Found a gateway to the ashen valley of Gehenna.
 57104 | Hell     | Found a gateway to the decaying netherworld of Tartarus.
 57153 | Hell     | Reached skill level 23 in Spellcasting
 57215 | Hell     | Found a gateway to the freezing wastes of Cocytus.
 57503 | Zot:1    | Entered Level 1 of the Realm of Zot
 57509 | Zot:1    | Noticed Grunn
 57521 | Zot:1    | Killed Grunn
 57993 | Zot:3    | Reached skill level 24 in Spellcasting
 58084 | Zot:5    | Entered Level 5 of the Realm of Zot
 58431 | Zot:5    | Noticed an ancient lich
 58435 | Zot:5    | Killed an ancient lich
 58444 | Zot:5    | Noticed an ancient lich
 58448 | Zot:5    | Killed an ancient lich
 58476 | Zot:5    | Noticed an orb of fire
 58479 | Zot:5    | Gained mutation: You sometimes lose your temper in combat.
                  | [an orb of fire]
 58481 | Zot:5    | Killed an orb of fire
 58582 | Zot:5    | Noticed an ancient lich
 58591 | Zot:5    | Killed an ancient lich
 58657 | Zot:5    | Noticed a Killer Klown
 58679 | Zot:5    | Noticed an orb of fire
 58679 | Zot:5    | Noticed a Killer Klown
 58680 | Zot:5    | Killed a Killer Klown
 58681 | Zot:5    | Noticed an orb of fire
 58684 | Zot:5    | Noticed an orb of fire
 58685 | Zot:5    | Noticed an orb of fire
 58688 | Zot:5    | Killed from afar by an orb of fire

Illustrated notes

Levels and vault maps discovered:
D:1:      ncdulo_watergridlock, layout_rooms, nicolae_eternal_life
D:2:      layout_basic, basic_altar
D:3:      layout_loops_corners, mainiacjoe_overflow_swirl, serial_shops,
          nicolae_square_shop, minmay_checkerbox, uniq_grinder
D:4:      minmay_chambers_of_twos, layout_loops_ring, general_overflow_altar,
          lemuel_round_altar, serial_bayou_pond_e
D:5:      layout_basic, ebering_ghost_rock_garden
D:6:      layout_loops_ring, trog_three_pillars_becter,
          nicolae_yredelemnul_ghost_church, serial_shops, nicolae_shop_crystal
D:7:      layout_rooms, nicolae_hepliaklqana_ecumenical_no_more,
          minmay_temple_entry_enclosed_plants, serial_corexii_hall,
          corexii_hall_statues_i, corexii_hall_statues_t,
          chequers_hall_statues_y, chequers_hall_statues_y,
          corexii_hall_statues_u, chequers_hall_statues_y
D:8:      layout_rooms, mainiacjoe_overflow_alcove_2, lair_entry_dummy,
          chequers_serial_rivers_room_b
D:9:      layout_basic, mainiacjoe_overflow_chevrons, orc_0_dummy, serial_shops,
          nicolae_shop_statue_plus, hangedman_abyss_or_decor_stagger,
          uniq_prince_ribbit1
D:10:     layout_long_grid, mainiacjoe_overflow_alcove_1, lemuel_round_altar,
          nicolae_trove_entry_isolated, lemuel_old_faithful, uniq_harold
D:11:     layout_layer_cave, ebering_ghost_reflecting_pool,
          minmay_the_grid_square_5x5_3x3_mashed
          [minmay_the_grid_square_5x5_pentomino_r,
          minmay_the_grid_square_5x5_slash,
          minmay_the_grid_square_5x5_spiral_small,
          minmay_the_grid_square_5x5_doubleslash,
          minmay_the_grid_square_5x5_megaprize_hollow,
          minmay_the_grid_square_5x5_mess, minmay_the_grid_square_5x5_two,
          minmay_the_grid_square_5x5_eight_small,
          minmay_the_grid_square_5x5_bite], uniq_sonja
D:12:     layout_cross, serial_undead, serial_undead_f, serial_undead_e,
          serial_undead_c, serial_undead_b
D:13:     layout_small_grid, special_room [special_room_bee]
D:14:     layout_long_grid, david_vaults_3, serial_shops,
          nicolae_shop_hallway_plus, nicolae_shop_waterfront,
          nicolae_stop_n_shop_1, kennysheep_mini_moat,
          onia_ninara_dug_in_and_dangerous
D:15:     hangedman_depths_entry_try_elsewhere_first, layout_long_grid,
          serial_shops, nicolae_diamond_shop, nicolae_ru_awakened_eye,
          minmay_evil_grid
Temple:   chequers_temple_sunken
Lair:1:   layout_big_grid, lightli_volcano_entry_magma_tube,
          hellmonk_guarded_unrand_seven_league_boots
Lair:2:   layout_small_grid, grunt_megastairs_4, uniq_maggie, uniq_amaemon
Lair:3:   beast_lair_carwin_large_1, layout_small_grid,
          minmay_swamp_entry_reptiles, spider_nest_entry_rubble
Lair:4:   layout_roguey, nicolae_slime_entry_slimehenge,
          cheibrodos_lair_lostbears
Lair:5:   hangedman_lair_tendril_chambers, layout_regular_city,
          portal_ice_cave_entry_imps, grunt_megastairs_3, uniq_kirke
Swamp:1:  layout_basic_swamp, serial_swamp_ruin, evilmike_swamp_ruin_house_4,
          hangedman_swamp_ruin_wall, evilmike_swamp_ruin_house_3
Swamp:2:  nicolae_swamp_flooded_prison, layout_falls_marsh,
          evilmike_swamp_ruin_house_6
Swamp:3:  layout_falls_marsh, evilmike_swamp_ruin_house_5, swamp_pool5,
          nicolae_swamp_necromancer_hut
Swamp:4:  swamp_pestilence, layout_basic_swamp, infiniplex_staircase_pool
Spider:1: layout_spider_delve
Spider:2: layout_cave_pods, gammafunk_ghost_mausoleum
Spider:3: layout_spider_delve
Spider:4: spider_rune_water
Slime:1:  layout_caves
Slime:2:  layout_caves
Slime:3:  layout_caves
Slime:4:  layout_caves, cheibrodos_slime_lost_civilization_7, uniq_dissolution
Slime:5
Orc:1:    layout_caves, serial_shops, shop_fountains
Orc:2:    pf_orc_diabolical, layout_caves, basic_altar, serial_shops, shop,
          mines2_david
Elf:1:    minmay_elf_arrival_plus, layout_geoelf_diagonals, basic_altar,
          serial_shops, shop, kennysheep_underground_church,
          nicolae_elf_archery_training
Elf:2:    nicolae_elf_blades_crystal_corner, layout_loops_corners,
          portal_desolation_entry_nicolae_menacing_earthworks
Elf:3:    minmay_elf_hall_dome, layout_geoelf_castle, serial_shops,
          nicolae_shop_crystal, nicolae_elf_crossing_hall
Vaults:1: vaults_mumra_chevron, vaults_room_pool, hangedman_vaults_slither,
          vaults_mumra_chevron_long, v_rooms_2, v_misc_18, dpeg_vaults_waves,
          ontoclasm_vaults_pinch, vaults_dpeg_encased_lava,
          nicolae_vaults_asterisk, layout_vaults_chaotic_city, serial_shops,
          nicolae_shop_advertising_works [nicolae_subvault_shop_adworks]
Vaults:2: hangedman_vaults_stretched_pinwheel, blue_anna_dwarven_crypt,
          hangedman_vaults_trim, v_misc_16, special_room_vaults
          [special_room_orc], vaults_room_corners, layout_vaults_omnigrid
Vaults:3: nicolae_vaults_network_quincunx
          [nicolae_vaults_network_quincunx_subvault,
          nicolae_vaults_network_quincunx_subvault,
          nicolae_vaults_network_quincunx_subvault,
          nicolae_vaults_network_quincunx_subvault,
          nicolae_vaults_network_quincunx_subvault], v_alt_pattern_1,
          nicolae_vaults_display_case, nicolae_vaults_disjoint_gnomons,
          hangedman_vaults_unwind, v_pattern_1,
          vaults_standard_mumra_enter_the_diamond, v_misc_26,
          nicolae_vaults_little_squares_4, hangedman_vaults_stretched_pinwheel,
          serial_ice_m, vaults_dpeg_hooks, layout_vaults_omnibox
Vaults:4: ebering_ghost_disaster_area, grunt_vaults_hallway_long, v_misc_3,
          vaults_dpeg_diagonal, hangedman_vaults_variations, vaults_dpeg_spiral,
          v_misc_15, v_pattern_4, nicolae_vaults_border_crossing, v_misc_10,
          ontoclasm_vaults_claustrophobia, vaults_room_corners,
          ontoclasm_vaults_twist, nicolae_vaults_little_squares_6,
          vaults_room_door_ring, layout_vaults_ring, uniq_frederick
Vaults:5: serial_shops, uniq_xtahua
Depths:1: layout_cave_pools, hell_entry, serial_bayou, serial_bayou_pond_e,
          serial_bayou_pond_e, serial_bayou_pond_c, serial_bayou_pond_b,
          nicolae_uskayaw_en_pointe
Depths:2: minmay_octagon_keep, layout_cave_shapes, enter_ziggurat_d, hell_entry,
          hellmonk_bongcloud_opening, grunt_pan_entry_spiral, kennysheep_donut,
          pandoras_box_mu
Depths:3: cell_vault, layout_cave_pools, good_gods_temple_1, abyss_entry,
          rand_demon_pan_entry_4, pf_hell_entry_great_geh, moated_statue,
          elyvilon_altar_5
Depths:4: evilmike_zot_entry_hall, layout_cave_pools, grunt_metal_band,
          tso_metal_star, grunt_tough_drop, minmay_shop_grove
Hell
Zot:1:    layout_onion_interference, uniq_grunn
Zot:2:    layout_gridlike
Zot:3:    layout_onion_interference, grunt_megastairs_1
Zot:4:    layout_cellular_growth, nicolae_zot_crop_circle
Zot:5:    layout_gridlike, st_stairs_5

Skill      XL: |  1  2  3  4  5  6  7  8  9 10 11 12 13 14 15 16 17 18 19 20 21 22 23 24 25 26 27 |
---------------+----------------------------------------------------------------------------------+-----
Short Blades   | 1 |  1.3
Spellcasting   | 2 3 4 5 6 8 9 10 12 13 14 16 17 18 19 20 21 22 24 | 24.8
Fighting       | 2 3 4 5 7 8 10 11 12 13 14 15 16 17 18 19 20 21 | 21.0
Invocations    | 2 4 6 |  6.0
Armour         | 3 6 |  6.5
Dodging        | 3 6 9 10 11 13 14 16 18 19 20 | 20.0
Shields        | 2 5 9 10 11 12 | 12.8
Unarmed Combat | 6 8 10 12 13 | 13.3

Action                   |  1- 3 |  4- 6 |  7- 9 | 10-12 | 13-15 | 16-18 | 19-21 | 22-24 | 25-27 || total
-------------------------+-------+-------+-------+-------+-------+-------+-------+-------+-------++-------
Melee: Short sword       |    42 |     6 |     6 |       |       |       |       |       |       ||    54
       Unarmed           |     3 |       |       |       |    74 |   629 |   601 |    12 |       ||  1319
       Headbutt          |     1 |       |       |       |       |       |       |       |       ||     1
       Punch             |       |       |     1 |       |       |       |       |       |       ||     1
       Staff             |       |       |     2 |     4 |     9 |       |       |     2 |     9 ||    26
Throw: Dart              |     3 |     2 |       |     2 |       |       |       |       |       ||     7
 Cast: Beastly Appendage |     1 |       |       |       |       |       |       |       |       ||     1
       Foxfire           |    17 |     9 |    10 |     2 |       |       |       |       |       ||    38
       Scorch            |       |    70 |   161 |   104 |    65 |       |       |       |       ||   400
       Call Canine Famil |       |       |    13 |    11 |    13 |     1 |       |       |     1 ||    39
       Mephitic Cloud    |       |       |     1 |    17 |     5 |       |       |       |       ||    23
       Borgnjor's Vile C |       |       |       |    86 |   340 |   152 |    74 |   127 |    59 ||   838
       Alistair's Intoxi |       |       |       |       |    24 |     1 |       |       |       ||    25
       Statue Form       |       |       |       |       |    10 |    72 |    63 |       |       ||   145
       Simulacrum        |       |       |       |       |       |    45 |    86 |       |       ||   131
       Summon Hydra      |       |       |       |       |       |       |    56 |    23 |    19 ||    98
       Ozocubu's Refrige |       |       |       |       |       |       |   138 |   291 |   307 ||   736
       Necromutation     |       |       |       |       |       |       |       |    32 |    28 ||    60
       Maxwell's Capacit |       |       |       |       |       |       |       |       |    71 ||    71
       Spider Form       |       |       |       |       |       |       |       |       |     1 ||     1
       Polar Vortex      |       |       |       |       |       |       |       |       |    30 ||    30
Invok: Lesser Servant of |       |       |       |       |     3 |       |       |       |       ||     3
       Major Destruction |       |       |       |       |     1 |       |       |       |       ||     1
 Abil: End Transformatio |       |       |       |       |       |       |       |       |     3 ||     3
Evoke: Box of beasts     |       |       |       |       |       |     1 |       |       |       ||     1
       Wand              |       |       |       |       |       |       |       |       |     2 ||     2
  Use: Scroll            |       |     7 |     5 |     5 |    10 |    14 |    12 |     3 |    14 ||    70
       Potion            |       |     2 |       |       |     4 |     1 |     5 |     1 |     7 ||    20
 Stab: Sleeping          |     2 |       |     2 |       |       |       |     1 |       |       ||     5
       Confused          |       |       |       |     1 |     2 |     1 |       |       |       ||     4
       Distracted        |       |       |       |       |       |     2 |     8 |       |       ||    10
Armor: Robe              |     3 |     8 |     7 |       |       |       |       |       |    57 ||    75
       Skin              |       |     4 |       |       |   135 |   813 |   555 |       |       ||  1507
       Steam dragon scal |       |       |     6 |    27 |       |       |       |       |       ||    33
       Ring mail         |       |       |       |    21 |   121 |    12 |    56 |    26 |    19 ||   255
Dodge: Dodged            |    23 |    22 |    44 |    75 |   347 |  1003 |   636 |    65 |   194 ||  2409
Block: Kite shield       |       |       |       |       |   263 |   805 |   996 |   107 |   137 ||  2308
       Reflection        |       |       |       |       |       |       |    68 |    17 |     6 ||    91

Table legend: (Time is in decaauts)
 A = Elapsed time spent in this place.
 B = Non-inter-level travel time spent in this place.
 C = Inter-level travel time spent in this place.
 D = Time resting spent in this place.
 E = Time spent auto-exploring this place.
 F = Levels seen in this place.
 G = Mean time per level.
                   A        B        C        D        E       F      G
               +--------+--------+--------+--------+--------+-----+--------+
         Total |  62589 |  57492 |   5097 |   2399 |  43085 |  59 | 1060.8 |
       Dungeon |  21127 |  19170 |   1957 |   1246 |  15419 |  15 | 1408.5 |
        Temple |    187 |    187 |      0 |      0 |    129 |   1 |  187.0 |
          Lair |   6384 |   5329 |   1055 |    180 |   3968 |   5 | 1276.8 |
         Swamp |   5602 |   5343 |    259 |    113 |   3928 |   4 | 1400.5 |
   Spider Nest |   5455 |   5087 |    368 |    465 |   3470 |   4 | 1363.8 |
    Slime Pits |    739 |    674 |     65 |     94 |    291 |   5 |  147.8 |
  Orcish Mines |   2300 |   2132 |    168 |      0 |   1527 |   2 | 1150.0 |
   Elven Halls |   3824 |   3640 |    184 |     10 |   2892 |   3 | 1274.7 |
        Vaults |   7610 |   7017 |    593 |     13 |   5711 |   5 | 1522.0 |
        Depths |   4819 |   4470 |    349 |     23 |   3468 |   4 | 1204.8 |
          Hell |    582 |    570 |     12 |      0 |    316 |   1 |  582.0 |
           Zot |   1139 |   1058 |     81 |    137 |    399 |   5 |  227.8 |
         Abyss |    587 |    587 |      0 |     62 |    273 |   1 |  587.0 |
         Trove |     44 |     44 |      0 |      0 |      0 |   1 |   44.0 |
      Ice Cave |    215 |    215 |      0 |      4 |    109 |   1 |  215.0 |
       Volcano |    533 |    533 |      0 |      0 |    377 |   1 |  533.0 |
    Desolation |   1435 |   1435 |      0 |     52 |    806 |   1 | 1435.0 |
               +--------+--------+--------+--------+--------+-----+--------+

Top non-repeatable levels by time:
     D:9: 2228 daAuts
Vaults:1: 1992 daAuts
   Orc:2: 1987 daAuts
 Swamp:2: 1905 daAuts
     D:3: 1895 daAuts
    D:11: 1787 daAuts
     D:8: 1714 daAuts
Depths:3: 1676 daAuts
Spider:1: 1642 daAuts
     D:5: 1603 daAuts
Vaults:3: 1557 daAuts
  Lair:3: 1529 daAuts
Vaults:4: 1496 daAuts
Vaults:2: 1466 daAuts
 Swamp:4: 1455 daAuts
